 Dungeon Crawl Stone Soup version 0.28-a0-1292-gb4563b27b3 (webtiles) character file.

Game seed: 1241850692151355422

356 Cheeritup the Ducker (level 6, -3/49 HPs)
             Began as a Merfolk Gladiator on Dec 27, 2021.
             Was a Follower of Yredelemnul.
             Slain by a phantom (8 damage)
             ... on level 4 of the Dungeon.
             The game lasted 00:37:40 (4778 turns).

Cheeritup the Ducker (Merfolk Gladiator)            Turns: 4778, Time: 00:37:41

Health: -3/49      AC:  6    Str: 15    XL:     6   Next: 63%
Magic:  6/6        EV: 13    Int:  9    God:    Yredelemnul [*.....]
Gold:   171        SH:  0    Dex: 15    Spells: 5/5 levels left

rFire   . . .      SeeInvis +   b - +1 scythe (vamp)
rCold   . . .      Faith    .   (shield currently unavailable)
rNeg    . . .      Spirit   .   s - +0 ring mail
rPois   .          Reflect  .   c - +0 helmet
rElec   .          Harm     .   (no cloak)
rCorr   .          Rampage  .   (no gloves)
Will    .....                   (no boots)
Stlth   +.........              (no amulet)
HPRegen 0.16/turn               j - ring of see invisible
MPRegen 0.10/turn               (no ring)

@: no status effects
A: (nimble swimmer 2), mertail
a: Renounce Religion, Recall Undead Harvest


You were on level 4 of the Dungeon.
You worshipped Yredelemnul.
Yredelemnul was noncommittal.
You visited 1 branch of the dungeon, and saw 4 of its levels.

You collected 171 gold pieces.

Inventory:

Hand Weapons
 a - a +0 trident
 b - a +1 vampiric scythe (weapon)
Missiles
 d - 2 throwing nets (quivered)
 k - 57 bolts
 l - 5 javelins
 p - 5 curare-tipped darts
 q - 33 poisoned darts
 t - 19 arrows
Armour
 c - a +0 helmet (worn)
 s - a +0 ring mail (worn)
Jewellery
 j - a ring of see invisible (left hand)
Wands
 n - a wand of iceblast (8)
Scrolls
 e - 6 scrolls of identify {unknown}
 f - 4 scrolls of fear {unknown}
 i - 3 scrolls of noise {unknown}
 o - a scroll of enchant weapon {unknown}
Potions
 g - 4 potions of mutation {unknown}
 h - a potion of haste {unknown}
 m - a potion of flight {unknown}
 r - a potion of lignification {unknown}


   Skills:
 * Level 4.6 Fighting
 * Level 6.1 Polearms
 - Level 2.5 Throwing
 + Level 6.4 Dodging
 - Level 1.1 Invocations


You had 5 spell levels left.
You didn't know any spells.
Your spell library contained the following spells:

 Spells                   Type           Power      Damage    Failure   Level
 Confusing Touch          Hex            0%         N/A       94%         3
 Yara's Violent Unravell  Hex/Tmut       0%         3d3       100%        5
 Enfeeble                 Hex            0%         N/A       100%        7


Dungeon Overview and Level Annotations

Branches:
Dungeon (4/15)
 Temple: D:4-7

Altars:
Yredelemnul
Zin


Innate Abilities, Weirdness & Mutations

((You are very nimble when in or above water. (Stealth+, EV+, Speed+++)))
Your lower body shifts to a powerful aquatic tail in water.


Message History

You closely miss the phantom.
The phantom is severely damaged.
The phantom hits you.
Your goblin zombie barely misses the phantom.
The phantom hits you!
* * * LOW HITPOINT WARNING * * *
The phantom blinks!
You blink.
The phantom hits you.
* * * LOW HITPOINT WARNING * * *
Sigmund hits the phantom.
Your goblin zombie barely misses the phantom.
What are your orders? t - Shout!
Orders for allies: a - Attack new target. r - Retreat! s - Stop attacking. g - Guard the area. f - Follow me.
Anything else - Cancel.
Gang up on whom?
Press: ? - help, Dir - move target, f - phantom
Aim: a phantom (severely damaged, ally target) Attack!
The phantom hits you.
* * * LOW HITPOINT WARNING * * *
Your goblin zombie hits the phantom but does no damage.
Sigmund misses the phantom.
You closely miss the phantom.
The phantom is severely damaged.
The phantom misses you.
Your goblin zombie closely misses the phantom.
The phantom hits you.
* * * LOW HITPOINT WARNING * * *
The phantom blinks!
You blink.
Throw: 3 throwing nets
Press: ? - help, Q - select action, (/) - cycle Shift-Dir - straight line, f/p - phantom
Aim: a phantom (severely damaged, 51% to hit, immune to nets)
You throw a throwing net. The throwing net hits the phantom.
The net passes right through the phantom!
The phantom is severely damaged.
The phantom hits you!
You die...
Your body rises from the dead as a mindless zombie.

################.#
#...Z.Z.Z..ZZZZZ>.
#.################
#.# #.#
#.##########
#.#........#
#.#........#
#@#.....Z..#
#W#....Z...#
#.'....Z..!#
###...)...)#
#........#
#######+##


You could see a phantom.

Vanquished Creatures
  Sigmund (D:4)
  2 iguanas
  A bullfrog skeleton (D:3)
  3 adders
  2 worms (D:2)
  4 dart slugs
  2 endoplasms
  5 giant cockroaches
  5 goblins
  6 hobgoblins
  4 jackals
  A quokka (D:2)
  7 ball pythons
  5 bats
  5 frilled lizards
  6 kobolds
  A rat (D:2)
60 creatures vanquished.

Vanquished Creatures (collateral kills)
  An adder (D:2)
  A worm (D:3)
  3 bats
  An endoplasm (D:3)
  A goblin (D:4)
  2 jackals (D:3)
  A kobold (D:2)
10 creatures vanquished.

Vanquished Creatures (others)
  4 bat zombies
  A ball python zombie (D:4)
  A jackal zombie (D:3)
  A kobold zombie (D:4)
  13 plants (D:2)
20 creatures vanquished.

Grand Total: 90 creatures vanquished

Notes
Turn   | Place    | Note
-------+----------+-------------------------------------------
     0 | D:1      | Cheeritup the Merfolk Gladiator began the quest for the
                  | Orb.
     0 | D:1      | Reached XP level 1. HP: 16/16 MP: 1/1
    52 | D:1      | Found a faded altar of an unknown god.
    67 | D:1      | Prayed at the altar of an unknown god.
    67 | D:1      | Became a worshipper of Yredelemnul the Dark
    67 | D:1      | Reached * piety under Yredelemnul
   563 | D:1      | Reached XP level 2. HP: 21/23 MP: 2/2
  1287 | D:2      | Reached XP level 3. HP: 11/29 MP: 3/3
  1749 | D:2      | Reached skill level 5 in Dodging
  1898 | D:2      | Reached skill level 5 in Polearms
  1975 | D:2      | Reached XP level 4. HP: 34/35 MP: 4/4
  3342 | D:3      | Reached XP level 5. HP: 40/42 MP: 5/5
  3517 | D:3      | Reached ** piety under Yredelemnul
  4080 | D:3      | Found a glowing silver altar of Zin.
  4080 | D:3      | Noticed an angel
  4287 | D:4      | Noticed Sigmund
  4358 | D:4      | Killed Sigmund
  4359 | D:4      | Reached skill level 1 in Invocations
  4359 | D:4      | Reached XP level 6. HP: 5/49 MP: 6/6
  4778 | D:4      | Slain by a phantom

Illustrated notes

Levels and vault maps discovered:
D:1:      noname_arrival_rooms_in_the_neighbourhood, layout_basic,
          ebering_ecumenical_altar_webs
D:2:      layout_loops_ring, serial_forest, infiniplex_forest_clump_curved,
          infiniplex_forest_clump_double, infiniplex_forest_straight_2,
          infiniplex_forest_lined_ring, infiniplex_forest_clump_medium
D:3:      layout_loops_ring, zin_angel
D:4:      layout_basic, minmay_misc_feat_room, uniq_sigmund

Skill      XL: |  1  2  3  4  5 |
---------------+----------------+-----
Fighting       | 3 4 |  4.6
Dodging        | 5 6 |  6.4
Polearms       | 5 6 |  6.1
Invocations    | 1 |  1.1
Throwing       | |  2.5

Action                   |  1- 3 |  4- 6 || total
-------------------------+-------+-------++-------
Melee: Trident           |    88 |   154 ||   242
       Scythe            |       |    13 ||    13
Throw: Javelin           |       |     1 ||     1
       Throwing net      |       |     1 ||     1
Invok: Recall Undead Har |     1 |     1 ||     2
       Dark Bargain      |       |     2 ||     2
  Use: Scroll            |       |     1 ||     1
       Potion            |       |     1 ||     1
 Stab: Sleeping          |     1 |       ||     1
       Distracted        |     1 |     1 ||     2
Armor: Leather armour    |    20 |     8 ||    28
       Scale mail        |       |    20 ||    20
       Ring mail         |       |    14 ||    14
Dodge: Dodged            |    53 |   128 ||   181

Table legend: (Time is in decaauts)
 A = Elapsed time spent in this place.
 B = Non-inter-level travel time spent in this place.
 C = Inter-level travel time spent in this place.
 D = Time resting spent in this place.
 E = Time spent auto-exploring this place.
 F = Levels seen in this place.
 G = Mean time per level.
                   A        B        C        D        E       F      G
               +--------+--------+--------+--------+--------+-----+--------+
         Total |   4783 |   4681 |    102 |   1357 |   1780 |   4 | 1195.8 |
       Dungeon |   4783 |   4681 |    102 |   1357 |   1780 |   4 | 1195.8 |
               +--------+--------+--------+--------+--------+-----+--------+

Top non-repeatable levels by time:
     D:2: 2000 daAuts
     D:3: 1074 daAuts
     D:1: 1062 daAuts
     D:4: 644 daAuts
